 Dungeon Crawl Stone Soup version 0.18.1-48-g4cf74bf (webtiles) character file.

93 atro the Conjurer (level 4, 0/30 HPs)
             Began as a Human Conjurer on Aug 11, 2016.
             Was an Initiate of Gozag.
             Slain by an adder (2 damage)
             ... on level 3 of the Dungeon.
             The game lasted 00:30:34 (2372 turns).

atro the Conjurer (Human Conjurer)                  Turns: 2372, Time: 00:30:35

Health: 0/30       AC:  3    Str:  9    XL:     4   Next: 91%
Magic:  1/7        EV: 12    Int: 16    God:    Gozag
Gold:   144        SH:  0    Dex: 13    Spells: 2 memorised, 5 levels left

rFire  . . .     SeeInvis .     d - +0 dagger
rCold  . . .     Gourm    .     a - +0 robe
rNeg   . . .     Faith    .     (no shield)
rPois  .         Spirit   .     (no helmet)
rElec  .         Dismiss  .     (no cloak)
rCorr  .         Reflect  .     i - +0 pair of gloves
SustAt .         Harm     .     (no boots)
MR     .....                    (no amulet)
Stlth  ++........               (no ring)
                                (no ring)

@: lethally poisoned (0 -> -8), gold aura, drained, not resistant to hostile
enchantments, unstealthy
A: no striking features
a: Potion Petition, Call Merchant, Bribe Branch, Renounce Religion


You were on level 3 of the Dungeon.
You worshipped Gozag.
Gozag was noncommittal.
You were not hungry.

You visited 1 branch of the dungeon, and saw 3 of its levels.

You collected 151 gold pieces.
You paid 7 gold pieces to Gozag.

Inventory:

Hand Weapons
 d - a +0 dagger (weapon)
 h - a +0 whip
Missiles
 v - 19 arrows
Armour
 a - a +0 robe (worn)
 g - a +0 robe
 i - a +0 pair of gloves (worn)
 j - a cursed +0 pair of gloves
 k - a +0 ring mail
 l - a +0 robe
 n - a +0 ring mail
 r - a +0 scale mail
Scrolls
 e - a scroll of amnesia {unknown}
 f - a scroll of identify {unknown}
 o - a scroll of remove curse {unknown}
 p - 2 scrolls of noise {unknown}
 s - a scroll of blinking {unknown}
 u - a scroll of teleportation {unknown}
Books
 b - a book of Conjurations

   Spells                             Type                      Level
   a - Magic Dart                     Conjuration                  1
   b - Searing Ray                    Conjuration                  2
   c - Dazzling Spray                 Conjuration/Hexes            3
   d - Fulminant Prism                Conjuration/Hexes            4
   e - Iskenderun's Mystic Blast      Conjuration                  4
   f - Iskenderun's Battlesphere      Conjuration/Charms           5
Comestibles
 c - a meat ration
 m - a beef jerky
 q - a slice of pizza
 t - a bread ration


   Skills:
 + Level 0.2(0.1) Fighting
 + Level 1.0(0.9) Short Blades
 + Level 2.5(2.4) Dodging
 + Level 2.5 Stealth
 + Level 2.5(2.4) Spellcasting
 + Level 4.8 Conjurations


You had 5 spell levels left.
You knew the following spells:

 Your Spells              Type           Power        Failure   Level  Hunger
a - Magic Dart            Conj           ###.         3%          1    #......
b - Searing Ray           Conj           ###...       6%          2    ###....


Dungeon Overview and Level Annotations

Branches:
Dungeon (3/15)

Altars:
Cheibriados
Dithmenos
Gozag
Makhleb
Nemelex Xobeh
Ru


Message History

* * * LOW HITPOINT WARNING * * *
You feel sick. The adder bites you.
* * * LOW HITPOINT WARNING * * *
You aren't carrying any potions.
You hit the adder but do no damage.
The adder is heavily wounded.
* * * LOW HITPOINT WARNING * * *
You feel sick. The adder bites you.
* * * LOW HITPOINT WARNING * * *
The adder bites you but does no damage.
You hit the adder.
The adder is almost dead.
* * * LOW HITPOINT WARNING * * *
You feel sick. The adder misses you.
You hit the adder.
The adder is almost dead.
* * * LOW HITPOINT WARNING * * *
You feel sick. The adder bites you.
You die...
Your body crumbles into a pile of gold.

.......<.....#
##..##..#.#.##
###########..#
.............# #.......#
#..# ##.####.####.#
#.#####.#
#..####.##.....##.# #.#
#.# #..#....#.......#.#
#.# #.# #..#
#..#.......#.## #.#
#.###..# #......_......#
#.###
#......#.#S$#.......#..#
#..>#
######.#..@.#.......#.^.
###.# #.####.##.....##
## ..#.# #.. ..####.###
#.#.# #### #.. ....
#.#.# ..#. ##... #.#.#
#.#.# ### #.#.####.####
#.# # #.#......r... .#
#.######.####


You could see an adder.

Vanquished Creatures
  3 adders
  3 worms (D:2)
  2 dart slugs
  An orc (D:3)
  2 giant cockroaches
  10 goblins
  7 hobgoblins
  2 jackals (D:1)
  3 bats
  4 giant newts
  8 kobolds
  7 rats
52 creatures vanquished.

Notes
Turn   | Place    | Note
--------------------------------------------------------------
     0 | D:1      | atro the Human Conjurer began the quest for the Orb.
     0 | D:1      | Reached XP level 1. HP: 13/13 MP: 3/3
    80 | D:1      | Reached XP level 2. HP: 14/19 MP: 3/5
   119 | D:1      | Learned a level 2 spell: Searing Ray
   571 | D:1      | Reached XP level 3. HP: 19/24 MP: 2/6
   946 | D:2      | Found a sparkling altar of Nemelex Xobeh.
   957 | D:2      | Became a worshipper of Nemelex Xobeh the Trickster
  1208 | D:2      | Reached XP level 4. HP: 30/30 MP: 2/7
  1474 | D:2      | Found a sacrificial altar of Ru.
  1478 | D:2      | Found a burning altar of Makhleb.
  1595 | D:2      | Found an opulent altar of Gozag.
  1599 | D:2      | Fell from the grace of Nemelex Xobeh
  1599 | D:2      | Became a worshipper of Gozag Ym Sagoz the Greedy
  1766 | D:2      | Found a snail-covered altar of Cheibriados.
  2233 | D:3      | Reached skill level 1 in Short Blades
  2346 | D:3      | Found a shadowy altar of Dithmenos.
  2372 | D:3      | Slain by an adder

Skill      XL: |  1  2  3  4 |
---------------+-------------+-----
Short Blades   | 1 |  1.0
Fighting       | |  0.2
Dodging        | |  2.5
Stealth        | |  2.5
Spellcasting   | |  2.5
Conjurations   | |  4.8

Action                   |  1- 3 |  4- 6 || total
-------------------------+-------+-------++-------
Melee: Dagger            |    29 |    45 ||    74
       Unarmed           |     3 |     5 ||     8
 Cast: Magic Dart        |     9 |     4 ||    13
       Searing Ray       |    17 |    17 ||    34
Invok: Potion Petition   |       |     1 ||     1
 Stab: Distracted        |     1 |       ||     1
  Eat: Chunk             |     2 |     1 ||     3
       Bread ration      |       |     1 ||     1
Armor: Robe              |    14 |    14 ||    28
Dodge: Dodged            |    54 |    34 ||    88
